 Dungeon Crawl Stone Soup version 0.29.1-2-gbd0b4ee654 (webtiles) character file.

Game seed: 15372374791248684044

41962 qeuew the Severer (level 14, 0/109 (113) HPs)
             Began as a Formicid Fighter on Nov 3, 2022.
             Was an Initiate of Gozag.
             Slain by an entropy weaver (4 damage)
             ... on level 3 of the Lair of Beasts.
             The game lasted 00:33:49 (14283 turns).

qeuew the Severer (Formicid Fighter)               Turns: 14283, Time: 00:33:50

HP:   0/109 (113)   AC: 14    Str: 29    XL:     14   Next: 52%
MP:   11/14         EV: 13    Int:  7    God:    Gozag
Gold: 2075          SH:  8    Dex: 15    Spells: 13/13 levels left

rFire   + . .      SeeInvis +   A - +6 war axe of Uncomfortable Rashes {flame, rC+++ rN+ Str-2 Stlth+}
rCold   + + +      Faith    .   c - +1 buckler
rNeg    + . .      Spirit   .   b - +0 scale mail
rPois   .          Reflect  .   (helmet unavailable)
rElec   .          Harm     .   w - scarf {rC+ rF+}
rCorr   .          Rampage  .   h - +2 pair of gloves
Will    +....                   (no boots)
Stlth   +++.......              l - amulet of regeneration
HPRegen 1.08/turn               k - +6 ring of strength
MPRegen 0.14/turn               r - ring of protection from cold

@: studying Maces & Flails, lightly drained
A: permanent stasis, dig shafts and tunnels, antennae 3, four strong arms,
iridescent scales 1, deterioration 1
a: Dig, Shaft Self, Renounce Religion, Potion Petition, Call Merchant, Bribe
Branch


You were on level 3 of the Lair of Beasts.
You worshipped Gozag.
Gozag was most pleased with you.
You visited 3 branches of the dungeon, and saw 16 of its levels.
You also visited: Sewer, Ossuary and Bailey.

You collected 3298 gold pieces.
You spent 1100 gold pieces at shops.
You paid 123 gold pieces to Gozag.

Inventory:

Hand Weapons
 A - the +6 war axe of Uncomfortable Rashes (weapon) {flame, rC+++ rN+ Str-2 Stlth+}
   (You bought it in a shop on level 9 of the Dungeon)

   It burns those it strikes, dealing additional fire damage.
   Big, fiery blades are also staple armaments of hydra-hunters.
   Str:       It affects your strength (-2).
   rC:        It renders you almost immune to cold.
   rN:        It protects you from negative energy.
   Stlth:     It makes you more stealthy.
Armour
 b - a +0 scale mail (worn)
 c - a +1 buckler (worn)
 h - a +2 pair of gloves (worn)
 w - a scarf of resistance (worn)
Jewellery
 k - a +6 ring of strength (left hand)
 l - an amulet of regeneration (around neck)
 r - a ring of protection from cold (right hand)
Wands
 v - a wand of acid (8)
 x - a wand of iceblast (10)
 y - a wand of charming (19)
 z - a wand of flame (6)
Scrolls
 a - 7 scrolls of identify
 f - 3 scrolls of fog
 i - 2 scrolls of enchant armour
 m - 2 scrolls of magic mapping
 q - 2 scrolls of summoning
 s - a scroll of fear
 u - a scroll of enchant weapon
 B - a scroll of brand weapon
Potions
 d - 7 potions of might
 e - 2 potions of flight
 g - 9 potions of curing
 j - 4 potions of brilliance
 n - 2 potions of magic
 o - 2 potions of attraction
 p - a potion of cancellation


   Skills:
 + Level 11.4 Fighting
 * Level 17.2 Axes
 + Level 10.5 Armour
 + Level 5.7 Dodging
 + Level 6.0 Stealth
 + Level 10.8 Shields


You had 13 spell levels left.
You didn't know any spells.
Your spell library contained the following spells:

 Spells                   Type           Power      Damage    Failure   Level
 Sandblast                Erth           0%         2d4       69%         1
 Sting                    Tmut/Pois      0%         1d3       69%         1
 Ensorcelled Hibernation  Hex/Ice        0%         N/A       83%         2
 Passwall                 Tmut/Erth      0%         N/A       83%         2
 Poisonous Vapours        Pois/Air       0%         N/A       83%         2
 Spider Form              Tmut/Pois      0%         N/A       96%         3
 Stone Arrow              Conj/Erth      0%         3d7       96%         3
 Anguish                  Hex/Necr       0%         N/A       100%        4
 Hailstorm                Conj/Ice       0%         3d3       100%        4
 Ice Form                 Ice/Tmut       0%         N/A       100%        4
 Olgreb's Toxic Radiance  Pois           0%         N/A       100%        4
 Summon Lightning Spire   Summ/Air       0%         N/A       100%        4
 Summon Forest            Summ/Tloc      0%         N/A       100%        5
 Summon Mana Viper        Hex/Summ       0%         N/A       100%        5
 Summon Cactus Giant      Summ           0%         N/A       100%        6
 Storm Form               Tmut/Air       0%         N/A       100%        7
 Maxwell's Capacitive Co  Air            0%         ∞         100%        8
 Simulacrum               Ice/Necr       Unusable   N/A       N/A         6

Dungeon Overview and Level Annotations

Branches:
Dungeon (12/15)            Temple (1/1) D:7            Lair (3/5) D:10
  Swamp (0/4) Lair:3       Spider (0/4) Lair:3          Orc (0/2) D:12
  Sewer (visited)         Ossuary (visited)          Bailey (visited)

Altars:
Ashenzari
Cheibriados
Dithmenos
Elyvilon
Fedhas
Gozag
Hepliaklqana
Kikubaaqudgha
Makhleb
Nemelex Xobeh
Okawaru
Qazlal
Ru
Sif Muna
Trog
Uskayaw
Vehumet
Wu Jian
Xom
Yredelemnul
Zin
The Shining One

Shops:
D:3 [   D:8 !   D:9 (

Annotations:
D:8 2 transporters
D:12 Lodul
Temple 2 transporters


Innate Abilities, Weirdness & Mutations

You cannot be hasted, slowed, berserked, paralysed or teleported.
You can dig through walls and to a lower floor.
You have a pair of large antennae on your head. (SInv)
Your four strong arms can wield two-handed weapons with a shield.
You are partially covered in iridescent scales. (AC +2)
Your body sometimes deteriorates upon taking damage.


Message History

The apocalypse crab claws you but does no damage.
You barely miss the entropy weaver.
The entropy weaver is severely wounded.
You slash the apocalypse crab! You burn the apocalypse crab.
The entropy weaver hits you but does no damage. x3
The entropy weaver hits you.
Okay, then.
You hit the entropy weaver. You burn the entropy weaver.
The entropy weaver is severely wounded.
You hit the apocalypse crab. The apocalypse crab misses you.
The apocalypse crab claws you but does no damage.
The entropy weaver hits you but does no damage. x4
Unknown command.
You barely miss the entropy weaver.
The entropy weaver is severely wounded.
You barely miss the apocalypse crab.
The apocalypse crab bites you but does no damage.
The apocalypse crab claws you.
* * * LOW HITPOINT WARNING * * *
You feel your power leaking away.
The entropy weaver completely misses you.
The entropy weaver hits you!
* * * LOW HITPOINT WARNING * * *
You block the entropy weaver's attack. The entropy weaver misses you.
The apocalypse crab attacks as you move away!
The apocalypse crab bites you but does no damage.
You block the apocalypse crab's attack.
The entropy weaver attacks as you move away!
The entropy weaver hits you.
* * * LOW HITPOINT WARNING * * *
The entropy weaver closely misses you. The entropy weaver hits you!
* * * LOW HITPOINT WARNING * * *
The entropy weaver barely misses you.
The entropy weaver attacks as you move away!
The entropy weaver closely misses you. The entropy weaver hits you!
* * * LOW HITPOINT WARNING * * *
The entropy weaver hits you but does no damage.
The entropy weaver hits you.
You die...
Your body crumbles into a pile of gold.

#....#....#.#..........##.....#
#...###.....○..........##P....#
#....##.....##############....##
#...###.....'.÷.....÷.# #...#..
#...###...###########.# ##......
##...P##...# #.......#.# #.......
##....#....# #.#####.#.###.......
##....#....# #÷#÷Bt#.#÷#P##....#.
.....###...# #.#@#(#.#.#......##.
.....# #...###.#.#!#.#.#.......##
.....# #.....#.#.#|#.#.#......###
##...###....##.#.#[#÷#.#......##.
##..........##÷#.#:#.#.#....[....
#...........#.#.###.#.#.....###.
#...........#.#.....#÷#....#....
##....#......#.#######.#....#....
#....##.....##.÷.......#...#..#.#


You could see an entropy weaver and an apocalypse crab.

Vanquished Creatures
  2 entropy weavers (Lair:3)
  3 ghost crabs (Lair:3)
  A catoblepas (Lair:1)
  5 death yaks (Lair:2)
  5 fire crabs (Lair:3)
  A lindwurm (Lair:2)
  A cyclops (D:11)
  5 elephants (Lair:3)
  A black mamba (Lair:3)
  5 cane toads
  A gargoyle (Bailey)
  6 komodo dragons
  An unseen horror (D:7)
  A rime drake (Lair:1)
  2 trolls
  A kobold demonologist (D:10)
  A hornet (D:9)
  2 tyrant leeches (Lair:3)
  7 blink frogs
  2 culicivoras (Lair:3)
  2 vampires
  3 wyverns
  3 wraiths
  55 yaks
  3 steam dragons
  4 basilisks
  3 vampire mosquitoes (D:11)
  Grum (D:9)
  Edmund (D:6)
  2 acid dragons (D:11)
  11 water moccasins
  An orc warrior (D:9)
  Pargi (Sewer)
  An ice beast (Temple)
  3 sky beasts
  5 ogres
  4 black bears
  22 wolves
  9 centaurs
  10 bullfrogs
  2 kobold brigands
  A gnoll sergeant (D:8)
  A scorpion (D:5)
  5 water moccasin zombies (Ossuary)
  3 wights (D:8)
  6 killer bees (D:7)
  7 vampire bats (Bailey)
  3 howler monkeys
  7 wolf zombies (Bailey)
  4 hounds
  5 jellies
  2 gnoll boudas
  6 iguanas
  An orc wizard (D:6)
  13 hell rats
  3 mummies
  19 gnolls
  8 adders
  A shadow imp (D:6)
  A white imp (D:6)
  7 adder zombies (Ossuary)
  3 worms (D:4)
  A dart slug (D:2)
  12 orcs
  10 ball pythons
  4 endoplasms
  2 gnoll zombies (Ossuary)
  11 goblins
  4 hobgoblins
  4 jackals (D:1)
  21 kobolds
  2 quokkas
  4 bats
  8 frilled lizards
  4 hobgoblin zombies (Ossuary)
  7 kobold zombies (Ossuary)
  23 orc zombies
  A quokka zombie (D:5)
  3 rats
  A rat zombie (D:5)
427 creatures vanquished.

Vanquished Creatures (others)
  A troll (D:8)
  A sky beast (D:8)
  A bush (Lair:2)
  4 fungi
  20 plants
27 creatures vanquished.

Grand Total: 454 creatures vanquished

Notes
Turn   | Place    | Note
-------+----------+-------------------------------------------
     0 | D:1      | qeuew the Formicid Fighter began the quest for the Orb.
     0 | D:1      | Reached XP level 1. HP: 18/18 MP: 1/1
   338 | D:1      | Reached XP level 2. HP: 24/24 MP: 2/2
   349 | D:1      | Reached XP level 3. HP: 18/29 MP: 3/3
   500 | D:1      | Found a faded altar of an unknown god.
  1166 | D:2      | Reached skill level 3 in Axes
  1166 | D:2      | Reached XP level 4. HP: 29/37 MP: 4/4
  1917 | D:2      | Gained mutation: You have large cloven feet. [potion of
                  | mutation]
  1917 | D:2      | Gained mutation: You are strong-willed. (Will+) [potion of
                  | mutation]
  1917 | D:2      | Gained mutation: Your muscles are strong. (Str +4, Int/Dex
                  | -1) [potion of mutation]
  2141 | D:3      | You fall into a shaft and drop 3 floors!
  2191 | D:6      | Reached XP level 5. HP: 30/42 MP: 5/5
  2232 | D:6      | Reached skill level 4 in Axes
  2235 | D:6      | Noticed Edmund
  2397 | D:6      | Noticed a sky beast
  2412 | D:6      | Killed a sky beast
  2413 | D:6      | Reached XP level 6. HP: 48/48 MP: 6/6
  2431 | D:6      | Reached skill level 5 in Axes
  2795 | D:6      | Reached XP level 7. HP: 53/54 MP: 7/7
  2839 | D:5      | Entered Level 5 of the Dungeon
  3068 | D:5      | Found a sand-covered staircase.
  3076 | Ossuary  | Entered an ossuary
  3219 | Ossuary  | Reached skill level 6 in Axes
  3518 | Ossuary  | Reached XP level 8. HP: 61/61 MP: 8/8
  3529 | Ossuary  | Reached skill level 7 in Axes
  3841 | D:4      | Reached skill level 5 in Armour
  3938 | D:4      | Found a glowing drain.
  3944 | Sewer    | Entered a sewer
  4030 | Sewer    | Noticed Pargi
  4035 | Sewer    | Killed Pargi
  4036 | Sewer    | Reached skill level 1 in Dodging
  4079 | Sewer    | Identified a scroll of acquirement
  4079 | Sewer    | Acquired a +6 ring of strength
  4190 | D:3      | Found Ninu's Antique Armour Emporium.
  4263 | D:3      | Identified the +5 hand axe "Qesch" {spect, *Rage rN+ Will++
                  | Str+2}
  4469 | D:3      | Found a broken altar of Ashenzari.
  4933 | D:4      | Reached skill level 1 in Stealth
  4995 | D:4      | Found a radiant altar of Vehumet.
  4995 | D:4      | Found a shimmering altar of Xom.
  5216 | D:4      | Reached skill level 8 in Axes
  5448 | D:5      | Reached skill level 5 in Fighting
  5448 | D:5      | Reached skill level 5 in Shields
  5577 | D:5      | Reached XP level 9. HP: 68/68 MP: 9/9
  5813 | D:5      | Found a snail-covered altar of Cheibriados.
  6423 | D:6      | Reached skill level 9 in Axes
  6454 | D:6      | Killed Edmund
  6588 | D:7      | Found a flagged portal.
  6599 | Bailey   | Entered a bailey
  6669 | Bailey   | Noticed a gargoyle
  6676 | Bailey   | Killed a gargoyle
  6829 | Bailey   | Reached skill level 10 in Axes
  6882 | Bailey   | Reached XP level 10. HP: 76/76 MP: 10/10
  7102 | D:7      | Found a staircase to the Ecumenical Temple.
  7117 | Temple   | Entered the Ecumenical Temple
  7117 | Temple   | Found a transporter.
  7117 | Temple   | Found a transporter.
  7123 | Temple   | Found a transporter.
  7123 | Temple   | Found a transporter.
  7155 | Temple   | Became a worshipper of Gozag Ym Sagoz the Greedy
  7222 | D:7      | Noticed an unseen horror
  7229 | D:7      | Killed an unseen horror
  7230 | D:7      | Reached skill level 11 in Axes
  7286 | D:7      | Found an iron altar of Okawaru.
  7617 | D:7      | Reached skill level 12 in Axes
  7617 | D:7      | Reached XP level 11. HP: 86/86 MP: 11/11
  7765 | D:8      | Found a transporter.
  7772 | D:8      | Found a transporter.
  7845 | D:8      | Reached skill level 13 in Axes
  7887 | D:8      | Found Oblymis's Distillery.
  7948 | D:8      | Found a glowing silver altar of Zin.
  8004 | D:8      | Lost mutation: You are strong-willed. (Will+) [potion of
                  | mutation]
  8004 | D:8      | Lost mutation: Your muscles are strong. (Str +4, Int/Dex
                  | -1) [potion of mutation]
  8004 | D:8      | Lost mutation: You have large cloven feet. [potion of
                  | mutation]
  8004 | D:8      | Gained mutation: You occasionally lose the ability to drink
                  | potions when taking damage. [potion of mutation]
  8004 | D:8      | Gained mutation: You are strong-willed. (Will+) [potion of
                  | mutation]
  8004 | D:8      | Gained mutation: You are robust. (+10% HP) [potion of
                  | mutation]
  8005 | D:8      | Lost mutation: You occasionally lose the ability to drink
                  | potions when taking damage. [potion of mutation]
  8005 | D:8      | Lost mutation: You are robust. (+10% HP) [potion of
                  | mutation]
  8005 | D:8      | Lost mutation: You are strong-willed. (Will+) [potion of
                  | mutation]
  8005 | D:8      | Gained mutation: You are agile. (Dex +4, Str/Int -1)
                  | [potion of mutation]
  8005 | D:8      | Gained mutation: You are somewhat resistant to further
                  | mutation. [potion of mutation]
  8006 | D:8      | Lost mutation: You are agile. (Dex +4, Str/Int -1) [potion
                  | of mutation]
  8006 | D:8      | Lost mutation: You are somewhat resistant to further
                  | mutation. [potion of mutation]
  8006 | D:8      | Gained mutation: You have large cloven feet. [potion of
                  | mutation]
  8006 | D:8      | Gained mutation: Your mind is acute. (Int +4, Str/Dex -1)
                  | [potion of mutation]
  8006 | D:8      | Gained mutation: Your mind is very acute. (Int +8, Str/Dex
                  | -2) [potion of mutation]
  8007 | D:8      | Lost mutation: Your mind is very acute. (Int +8, Str/Dex
                  | -2) [potion of mutation]
  8007 | D:8      | Lost mutation: You have large cloven feet. [potion of
                  | mutation]
  8007 | D:8      | Lost mutation: Your mind is acute. (Int +4, Str/Dex -1)
                  | [potion of mutation]
  8007 | D:8      | Gained mutation: You are weak. (Str -2) [potion of
                  | mutation]
  8007 | D:8      | Gained mutation: You are frail. (-10% HP) [potion of
                  | mutation]
  8007 | D:8      | Gained mutation: Your natural rate of healing is unusually
                  | fast. [potion of mutation]
  8008 | D:8      | Bought a potion of mutation for 104 gold pieces
  8008 | D:8      | Bought a potion of mutation for 104 gold pieces
  8008 | D:8      | Lost mutation: You are frail. (-10% HP) [potion of
                  | mutation]
  8008 | D:8      | Lost mutation: Your natural rate of healing is unusually
                  | fast. [potion of mutation]
  8008 | D:8      | Lost mutation: You are weak. (Str -2) [potion of mutation]
  8008 | D:8      | Gained mutation: You have sharp toenails. [potion of
                  | mutation]
  8008 | D:8      | Gained mutation: Your natural rate of healing is unusually
                  | fast. [potion of mutation]
  8008 | D:8      | Gained mutation: Your mind is acute. (Int +4, Str/Dex -1)
                  | [potion of mutation]
  8009 | D:8      | Lost mutation: Your mind is acute. (Int +4, Str/Dex -1)
                  | [potion of mutation]
  8009 | D:8      | Lost mutation: You have sharp toenails. [potion of
                  | mutation]
  8009 | D:8      | Lost mutation: Your natural rate of healing is unusually
                  | fast. [potion of mutation]
  8009 | D:8      | Gained mutation: Your body sometimes deteriorates upon
                  | taking damage. [potion of mutation]
  8009 | D:8      | Gained mutation: You are partially covered in iridescent
                  | scales. (AC +2) [potion of mutation]
  8198 | D:8      | Found a hide-covered altar of Uskayaw.
  8198 | D:8      | Found a shimmering blue altar of Sif Muna.
  8198 | D:8      | Found a white marble altar of Elyvilon.
  8557 | D:9      | Noticed Grum
  8564 | D:9      | Killed Grum
  8573 | D:9      | Reached XP level 12. HP: 62/94 MP: 12/12
  9035 | D:9      | Reached skill level 14 in Axes
  9129 | D:9      | Found Naotaraham's Weapon Shoppe.
  9135 | D:9      | Bought the +6 war axe of Uncomfortable Rashes {flame, rC+++
                  | rN+ Str-2 Stlth+} for 892 gold pieces
  9320 | D:10     | Entered Level 10 of the Dungeon
  9347 | D:10     | Identified the +0 robe of Duck's Teeth {*Corrode +Inv rF+
                  | Int+2}
  9552 | D:10     | Found a staircase to the Lair.
 10029 | D:11     | Found a broken altar of Ashenzari.
 10310 | D:11     | Identified the +0 leather armour of the Hall of Blades
                  | {rElec}
 10729 | D:12     | Found a staircase to the Orcish Mines.
 10746 | D:12     | Noticed Lodul
 10854 | Lair:1   | Entered Level 1 of the Lair of Beasts
 10898 | Lair:1   | Reached skill level 15 in Axes
 10914 | Lair:1   | Reached XP level 13. HP: 92/101 MP: 13/13
 11185 | Lair:1   | Noticed a catoblepas
 11205 | Lair:1   | Killed a catoblepas
 11939 | Lair:2   | Reached skill level 5 in Dodging
 12009 | Lair:2   | Reached skill level 10 in Fighting
 12009 | Lair:2   | Reached skill level 16 in Axes
 12340 | Lair:2   | Reached skill level 10 in Armour
 12358 | Lair:2   | Reached skill level 10 in Shields
 12366 | Lair:2   | Reached skill level 5 in Stealth
 12908 | Lair:3   | Found a staircase to the Swamp.
 12922 | Lair:3   | Reached XP level 14. HP: 60/111 MP: 14/14
 13042 | Lair:3   | Found a runed translucent door.
 13247 | Lair:3   | Found a hole to the Spider Nest.
 13311 | Lair:3   | Identified the +8 trident of Doom {vorpal, Dex+3}
 13968 | Lair:3   | Noticed an entropy weaver
 13987 | Lair:3   | Killed an entropy weaver
 13988 | Lair:3   | Reached skill level 17 in Axes
 14150 | Lair:3   | Noticed an entropy weaver
 14160 | Lair:3   | Killed an entropy weaver
 14270 | Lair:3   | Noticed an entropy weaver
 14283 | Lair:3   | HP: 4/109 [entropy weaver (10)]
 14283 | Lair:3   | Slain by an entropy weaver

Illustrated notes

Levels and vault maps discovered:
D:1:      amcnicky_arrival_double_pillar, layout_basic, basic_ecumenical_altar
D:2:      layout_loops_ring, minmay_octomino_e4
D:3:      layout_basic, lemuel_round_altar, serial_shops,
          nicolae_shop_hallway_stairs
D:4:      layout_basic, gammafunk_temple_overflow_elements,
          lightli_sewer_entry_pipes
D:5:      layout_gridville, slow_altar_2, enter_ossuary_4
D:6:      layout_loops_corners, uniq_edmund
D:7:      layout_basic, okawaru_altar_gauntlet_db, minmay_temple_entry_slanted,
          enter_bailey_3
D:8:      layout_gridville, zin_statuary, gammafunk_temple_overflow_arena,
          nicolae_inconvenience_store
D:9:      layout_loops_cross, serial_glass, glass_columns_c, glass_columns_a,
          serial_shops, nicolae_shop_trees, uniq_grum
D:10:     layout_basic, dpeg_oklobed_lair
D:11:     layout_roguey, nicolae_ashenzari_skybound
D:12:     layout_long_grid, minmay_orc_entry_temple_small,
          hangedman_abyss_or_decor_jellyfish_corner, nicolae_ru_path_of_blood,
          uniq_snorg, uniq_lodul
Temple:   hellmonk_temple_divided_pantheon
Lair:1:   layout_cave_pods, grunt_megastairs_3, serial_bayou_shore_b
Lair:2:   layout_misc_corridors, beast_lair_carwin_6
Lair:3:   gammafunk_mikee_crab_dinner, layout_long_grid,
          minmay_swamp_entry_worms, hellmonk_spider_entry_life_and_decay,
          grunt_megastairs_2

Skill      XL: |  1  2  3  4  5  6  7  8  9 10 11 12 13 14 |
---------------+-------------------------------------------+-----
Axes           | 3 4 5 6 8 10 12 13 15 16 17 | 17.2
Armour         | 4 5 7 8 9 10 | 10.5
Fighting       | 4 5 7 8 9 10 11 | 11.4
Dodging        | 1 4 5 |  5.7
Stealth        | 1 2 4 5 6 |  6.0
Shields        | 5 8 9 10 | 10.8

Action                   |  1- 3 |  4- 6 |  7- 9 | 10-12 | 13-15 || total
-------------------------+-------+-------+-------+-------+-------++-------
Melee: War axe           |    55 |    77 |   233 |   353 |   398 ||  1116
       Kick              |       |     9 |    60 |    28 |       ||    97
 Abil: Dig               |       |       |     2 |     1 |       ||     3
  Use: Scroll            |     4 |     5 |     6 |     5 |       ||    20
       Potion            |     1 |     3 |     9 |     8 |     3 ||    24
 Stab: Invisible         |       |       |     2 |       |       ||     2
       Distracted        |       |       |       |     3 |     2 ||     5
       Sleeping          |       |       |       |     4 |     8 ||    12
Armor: Scale mail        |    39 |    36 |    78 |    96 |   152 ||   401
Dodge: Dodged            |    23 |    27 |   128 |   179 |   163 ||   520
Block: Buckler           |    18 |    21 |    71 |   126 |   127 ||   363
